 Dungeon Crawl Stone Soup version 0.20-a0-77-g476458c (webtiles) character file.

28 KristoblXynda the Charmwright (level 3, -5/29 HPs)
             Began as a Draconian Skald on Nov 19, 2016.
             Slain by a tentacled starspawn (17 damage)
             ... on level 1 of the Abyss.
             The game lasted 00:02:21 (901 turns).

KristoblXynda the Charmwright (Draconian Skald)      Turns: 901, Time: 00:02:23

Health: -5/29      AC:  5    Str: 14    XL:     3   Next: 0%
Magic:  6/6        EV: 12    Int: 13    God:
Gold:   74         SH:  0    Dex: 14    Spells: 1 memorised, 5 levels left

rFire  . . .     SeeInvis .     a - +0 hand axe
rCold  . . .     Gourm    .     (armour unavailable)
rNeg   . . .     Faith    .     (no shield)
rPois  .         Spirit   .     (helmet restricted)
rElec  .         Reflect  .     (no cloak)
rCorr  .         Harm     .     (no gloves)
MR     .....                    (no boots)
Stlth  +.........               (no amulet)
                                (no ring)
                                f - +4 ring of dexterity

@: no status effects
A: unfitting armour, cold-blooded, AC +5
a: no special abilities


You were on level 1 of the Abyss.
You were not hungry.

You visited 1 branch of the dungeon, and saw 2 of its levels.
You visited the Abyss 1 time.

You collected 74 gold pieces.

Inventory:

Hand Weapons
 a - a +0 hand axe (weapon)
Jewellery
 f - a +4 ring of dexterity (left hand)
Potions
 e - a potion of curing {unknown}
Books
 b - a book of Battle

   Spells                             Type                      Level
   a - Infusion                       Charms                       1
   b - Shroud of Golubria             Charms/Translocation         2
   c - Song of Slaying                Charms                       2
   d - Spectral Weapon                Hexes/Charms                 3
   e - Regeneration                   Charms/Necromancy            3
Comestibles
 c - 2 bread rations
 g - a meat ration


   Skills:
 - Level 2.1 Fighting
 + Level 2.4 Axes
 + Level 2.1 Dodging
 - Level 2.0 Spellcasting
 + Level 3.1 Charms


You had 5 spell levels left.
You knew the following spells:

 Your Spells              Type           Power        Failure   Level  Hunger
a - Infusion              Chrm           #...         10%         1    ##.....


Dungeon Overview and Level Annotations

Branches:
Dungeon (2/15)

Altars:

Annotations:
D:2 Robin


Innate Abilities, Weirdness & Mutations

Your plain brown scales are hard. (AC +5)
You cannot fit into any form of body armour.
You are cold-blooded and may be slowed by cold attacks.


Message History

You cannot move.
Unknown command.
You cannot move.
You cannot move.
Unknown command.
Unknown command.
You cannot move.
You hit the starspawn tentacle but do no damage.
The starspawn tentacle is lightly damaged.
The starspawn tentacle loses its grip on you.
The tentacle pulls you backwards!
Unknown command.
You cannot move.
You hit the tentacled starspawn but do no damage.
The tentacled starspawn is lightly damaged.
You feel less woody.
The tentacled starspawn closely misses you.
The tentacled starspawn engulfs you!
Ouch! That really hurt!
You die...

.... # #..... .##
.#... ##..
#.....##. ##..##
.........##....#
... ...##.#....#
... ...##.@...###
...........X.....#
............##.##.#
..#..#..##......#
#... #........ ..#
.. ...#..........#
...# .......## .
..##. ........# ..
........#


You could see a tentacled starspawn.

Vanquished Creatures
  A dart slug (D:1)
  4 hobgoblins
  A quokka (D:2)
  5 bats (D:1)
  A frilled lizard (D:2)
  7 goblins
  4 kobolds
  4 rats
27 creatures vanquished.

Vanquished Creatures (others)
  A goblin (D:2)
  3 starspawn tentacles (Abyss:1)
4 creatures vanquished.

Grand Total: 31 creatures vanquished

Notes
Turn   | Place    | Note
-------+----------+-------------------------------------------
     0 | D:1      | KristoblXynda the Draconian Skald began the quest for the Orb.
     0 | D:1      | Reached XP level 1. HP: 17/17 MP: 3/3
   488 | D:1      | Reached XP level 2. HP: 24/24 MP: 5/5
   511 | D:1      | Reached skill level 3 in Charms
   851 | D:2      | Noticed Robin
   878 | D:2      | Reached XP level 3. HP: 17/29 MP: 6/6
   879 | D:2      | Cast into level 1 of the Abyss (Robin)
   890 | Abyss:1  | Noticed a tentacled starspawn
   901 | Abyss:1  | Slain by a tentacled starspawn

Vault maps used:
D:1:      minmay_arrival_semitransparent
D:2:      first_bread, tgw_fedhas, uniq_crazy_yiuf_cottage, uniq_robin

Skill      XL: |  1  2 |
---------------+-------+-----
Charms         | 3 |  3.1
Dodging        | 2 |  2.1
Fighting       | |  2.1
Axes           | |  2.4
Spellcasting   | |  2.0

Action                   || total
-------------------------++-------
Melee: Hand axe          ||    92
       Tailslap          ||     4
  Use: Scroll            ||     2
       Potion            ||     1
 Stab: Sleeping          ||     1
Armor: Skin              ||    74
Dodge: Dodged            ||    90
